PIO (24 & UNDER)
SALEM SLEDGEHAMMERS @ SASKATOON SMOKIN' GUNS
08/10/2029
 
TOP OF THE 1ST
Salem Sledgehammers batting - Pitching for Saskatoon Smokin' Guns : LHP Jorge Gatán
Pitching: LHP Jorge Gatán
Batting: RHB Randall Luna 0-0: Called Strike
0-1: Foul Ball, location: 2F
0-2: Ball
1-2: Fly out, F8 (Flyball, 8LS)
Batting: RHB Miguel Rodríguez 0-0: Called Strike
0-1: Ball
1-1: Swinging Strike
1-2: Strikes out swinging
Batting: RHB Rickey Núńez 0-0: Swinging Strike
0-1: Foul Ball, location: 2F
0-2: Ball
1-2: Foul Ball, location: 2F
1-2: Strikes out looking
Top of the 1st over - 0 runs, 0 hits, 0 errors, 0 left on base; Salem 0 - Saskatoon 0
BOTTOM OF THE 1ST
Saskatoon Smokin' Guns batting - Pitching for Salem Sledgehammers : LHP Gerardo Vázquez
Pitching: LHP Gerardo Vázquez
Batting: LHB Rubén Salazar 0-0: Ball
1-0: Foul Ball, location: 2F
1-1: Called Strike
1-2: Ball
2-2: Ball
3-2: Base on Balls
Batting: RHB António Martínez 0-0: Called Strike
0-1: Ball
1-1: Ball
2-1: Ball
3-1: Foul Ball, location: 2F
3-2: Base on Balls
Rubén Salazar to second
Batting: SHB Ramiro Medrano 0-0: Foul Ball, location: 2F
0-1: Ball
1-1: Foul Ball, location: 2F
1-2: SINGLE (Groundball, 34D)
Rubén Salazar to third
António Martínez to second
Batting: LHB Bo Rush 0-0: Ball
1-0: Ball
2-0: Foul Ball, location: 2F
2-1: Swinging Strike
2-2: Strikes out looking
Batting: RHB Johnny Hawson 0-0: Foul Ball, location: 2F
0-1: Foul Ball, location: 2F
0-2: Ball
1-2: Foul Ball, location: 2F
1-2: Ball
2-2: Ball
3-2: Strikes out looking
Batting: LHB José Domínguez 0-0: Called Strike
0-1: Ball
1-1: Ball
2-1: Ball
3-1: Called Strike
3-2: Ground out 4-3 (Groundball, 4MS)
Bottom of the 1st over - 0 runs, 1 hit, 0 errors, 3 left on base; Salem 0 - Saskatoon 0
TOP OF THE 2ND
Salem Sledgehammers batting - Pitching for Saskatoon Smokin' Guns : LHP Jorge Gatán
Batting: RHB Rich Crabtree 0-0: Ground out U3 (Groundball, 3)
Batting: RHB Steve West 0-0: Ball
1-0: Foul Ball, location: 2F
1-1: Swinging Strike
1-2: Strikes out looking
Batting: RHB Roberto Landavazo 0-0: Ball
1-0: Ball
2-0: Foul Ball, location: 2F
2-1: Called Strike
2-2: Ball
3-2: Base on Balls
Batting: LHB Juan Ortíz 0-0: Called Strike
0-1: Ball
1-1: Foul Ball, location: 2F
1-2: Ground out 1-3 (Groundball, P)
Top of the 2nd over - 0 runs, 0 hits, 0 errors, 1 left on base; Salem 0 - Saskatoon 0
BOTTOM OF THE 2ND
Saskatoon Smokin' Guns batting - Pitching for Salem Sledgehammers : LHP Gerardo Vázquez
Batting: RHB Juan Cardenas 0-0: Foul Ball, location: 2F
0-1: Foul Ball, location: 2F
0-2: Foul Ball, location: 2F
0-2: Strikes out swinging
Batting: RHB Mike Ratzlaff 0-0: Foul Ball, location: 2F
0-1: Ball
1-1: Swinging Strike
1-2: Foul Ball, location: 2F
1-2: Strikes out swinging
Batting: SHB Mathew Olson 0-0: Ball
1-0: Ball
2-0: Fly out, F9 (Flyball, 89M)
Bottom of the 2nd over - 0 runs, 0 hits, 0 errors, 0 left on base; Salem 0 - Saskatoon 0
TOP OF THE 3RD
Salem Sledgehammers batting - Pitching for Saskatoon Smokin' Guns : LHP Jorge Gatán
Batting: RHB José González 0-0: Ball
1-0: Called Strike
1-1: Foul Ball, location: 2F
1-2: Ball
2-2: Ball
3-2: TRIPLE (Line Drive, 7D)
Batting: LHB José Rivas 0-0: Ball
1-0: Ball
2-0: Ball
3-0: Called Strike
3-1: SINGLE (Line Drive, 3D)
José González scores
Batting: RHB Randall Luna 0-0: Ball
José Rivas is caught stealing 2nd base
1-0: Ball
2-0: Called Strike
2-1: Ball
3-1: Foul Ball, location: 2F
3-2: Strikes out looking
Batting: RHB Miguel Rodríguez 0-0: Ball
1-0: Fly out, F8 (Flyball, 8LM)
Top of the 3rd over - 1 run, 2 hits, 0 errors, 0 left on base; Salem 1 - Saskatoon 0
BOTTOM OF THE 3RD
Saskatoon Smokin' Guns batting - Pitching for Salem Sledgehammers : LHP Gerardo Vázquez
Batting: LHB Rubén Salazar 0-0: Ball
1-0: Foul Ball, location: 2F
1-1: Called Strike
1-2: Ground out 4-3 (Groundball, 4)
Batting: RHB António Martínez 0-0: Called Strike
0-1: Ball
1-1: Called Strike
1-2: Foul Ball, location: 2F
1-2: Foul Ball, location: 2F
1-2: Ball
2-2: Ball
3-2: Base on Balls
Batting: SHB Ramiro Medrano 0-0: Ball
1-0: Ball
2-0: Grounds into double play, 6-4-3 (Groundball, 6)
Bottom of the 3rd over - 0 runs, 0 hits, 0 errors, 0 left on base; Salem 1 - Saskatoon 0
TOP OF THE 4TH
Salem Sledgehammers batting - Pitching for Saskatoon Smokin' Guns : LHP Jorge Gatán
Batting: RHB Rickey Núńez 0-0: Called Strike
0-1: Ball
1-1: Ball
2-1: Fly out, F3 (Popup, 3L)
Batting: RHB Rich Crabtree 0-0: Ball
1-0: Ball
2-0: Ball
3-0: Called Strike
3-1: Base on Balls
Batting: RHB Steve West 0-0: Called Strike
0-1: Grounds into double play, 6-4-3 (Groundball, 6)
Top of the 4th over - 0 runs, 0 hits, 0 errors, 0 left on base; Salem 1 - Saskatoon 0
BOTTOM OF THE 4TH
Saskatoon Smokin' Guns batting - Pitching for Salem Sledgehammers : LHP Gerardo Vázquez
Batting: LHB Bo Rush 0-0: Called Strike
0-1: Ball
1-1: Ball
2-1: Fly out, F7 (Flyball, 78S)
Batting: RHB Johnny Hawson 0-0: Ground out 5-3 (Groundball, 56S)
Batting: LHB José Domínguez 0-0: Ball
1-0: Swinging Strike
1-1: SINGLE (Groundball, 34) (infield hit)
Batting: RHB Juan Cardenas 0-0: Ball
1-0: Ball
2-0: Ball
3-0: Base on Balls
José Domínguez to second
Batting: RHB Mike Ratzlaff 0-0: Ball
1-0: Foul Ball, location: 2F
1-1: Swinging Strike
1-2: Ball
2-2: Ball
3-2: Fly out, F9 (Flyball, 9)
Bottom of the 4th over - 0 runs, 1 hit, 0 errors, 2 left on base; Salem 1 - Saskatoon 0
TOP OF THE 5TH
Salem Sledgehammers batting - Pitching for Saskatoon Smokin' Guns : LHP Jorge Gatán
Batting: RHB Roberto Landavazo 0-0: SINGLE (Line Drive, 78S)
Batting: LHB Juan Ortíz 0-0: Fly out, F7 (Flyball, 7S)
Batting: RHB José González 0-0: Ball
1-0: Swinging Strike
1-1: Swinging Strike
1-2: Foul Ball, location: 2F
1-2: Strikes out swinging
Batting: LHB José Rivas 0-0: Ball
1-0: Ball
2-0: Called Strike
2-1: Swinging Strike
Balk!
Roberto Landavazo to second
2-2: Foul Ball, location: 2F
2-2: Ball
3-2: Base on Balls
Batting: RHB Randall Luna 0-0: Ground out 6-3 (Groundball, 6)
Top of the 5th over - 0 runs, 1 hit, 0 errors, 2 left on base; Salem 1 - Saskatoon 0
BOTTOM OF THE 5TH
Saskatoon Smokin' Guns batting - Pitching for Salem Sledgehammers : LHP Gerardo Vázquez
Batting: SHB Mathew Olson 0-0: Ball
1-0: Swinging Strike
1-1: Called Strike
1-2: Ball
2-2: Foul Ball, location: 2F
2-2: Ball
3-2: Foul Ball, location: 2F
3-2: Base on Balls
Batting: LHB Rubén Salazar 0-0: Swinging Strike
0-1: Swinging Strike
0-2: Ball
1-2: Strikes out swinging
Batting: RHB António Martínez 0-0: Ground out 5-3 (Groundball, 56S)
Mathew Olson to second
Batting: SHB Ramiro Medrano 0-0: Called Strike
0-1: Ball
1-1: Foul Ball, location: 2F
1-2: Ball
2-2: Ball
3-2: Base on Balls
Batting: LHB Bo Rush 0-0: Ball
1-0: Foul Ball, location: 2F
1-1: Ball
Wild Pitch!
Mathew Olson to third
Ramiro Medrano to second
2-1: Swinging Strike
2-2: Strikes out swinging
Bottom of the 5th over - 0 runs, 0 hits, 0 errors, 2 left on base; Salem 1 - Saskatoon 0
TOP OF THE 6TH
Salem Sledgehammers batting - Pitching for Saskatoon Smokin' Guns : LHP Jorge Gatán
Batting: RHB Miguel Rodríguez 0-0: Ball
1-0: Fly out, F8 (Flyball, 8LD)
Batting: RHB Rickey Núńez 0-0: DOUBLE (Line Drive, 9LM)
Batting: RHB Rich Crabtree 0-0: Ball
1-0: DOUBLE (Groundball, 5L)
Rickey Núńez scores
Batting: RHB Steve West 0-0: Called Strike
0-1: Ball
1-1: Ball
2-1: Fly out, F9 (Flyball, 9D)
Runner from 2nd tags up, SAFE at 3rd, no throw
Batting: RHB Roberto Landavazo 0-0: Foul Ball, location: 2F
0-1: Called Strike
0-2: Strikes out swinging
Top of the 6th over - 1 run, 2 hits, 0 errors, 1 left on base; Salem 2 - Saskatoon 0
BOTTOM OF THE 6TH
Saskatoon Smokin' Guns batting - Pitching for Salem Sledgehammers : LHP Gerardo Vázquez
Batting: RHB Johnny Hawson 0-0: Ball
1-0: Ball
2-0: Called Strike
2-1: Ball
3-1: Base on Balls
Pitching: LHP John Dyer
Batting: LHB José Domínguez 0-0: Ball
1-0: Ball
2-0: Foul Ball, location: 2F
2-1: Ground out 4-3 (Groundball, 34)
Johnny Hawson to second
Batting: RHB Juan Cardenas 0-0: Called Strike
0-1: Ball
1-1: Ground out 6-3 (Groundball, 6S)
Johnny Hawson to third
Batting: RHB Mike Ratzlaff 0-0: Called Strike
0-1: Ball
1-1: Swinging Strike
1-2: Foul Ball, location: 2F
1-2: Ball
2-2: Foul Ball, location: 2F
2-2: Ball
3-2: Strikes out swinging
Bottom of the 6th over - 0 runs, 0 hits, 0 errors, 1 left on base; Salem 2 - Saskatoon 0
TOP OF THE 7TH
Salem Sledgehammers batting - Pitching for Saskatoon Smokin' Guns : LHP Jorge Gatán
Pitching: RHP Artie Smith
Batting: LHB Juan Ortíz 0-0: Ball
1-0: Called Strike
1-1: Ball
2-1: Foul Ball, location: 2F
2-2: Strikes out looking
Batting: RHB José González 0-0: Ball
1-0: Fly out, F9 (Flyball, 9S)
Batting: LHB José Rivas 0-0: Swinging Strike
0-1: DOUBLE (Line Drive, 78D)
Batting: RHB Randall Luna 0-0: Ball
1-0: Called Strike
1-1: Ball
2-1: Foul Ball, location: 2F
2-2: Ground out 4-3 (Groundball, 4M)
Top of the 7th over - 0 runs, 1 hit, 0 errors, 1 left on base; Salem 2 - Saskatoon 0
BOTTOM OF THE 7TH
Saskatoon Smokin' Guns batting - Pitching for Salem Sledgehammers : LHP John Dyer
Batting: SHB Mathew Olson 0-0: Ball
1-0: Ground out 4-3 (Groundball, 4)
Batting: LHB Rubén Salazar 0-0: Called Strike
0-1: Ball
1-1: Foul Ball, location: 2F
1-2: Strikes out swinging
Batting: RHB António Martínez 0-0: Called Strike
0-1: Ball
1-1: Called Strike
1-2: Fly out, F9 (Flyball, 9S)
Bottom of the 7th over - 0 runs, 0 hits, 0 errors, 0 left on base; Salem 2 - Saskatoon 0
TOP OF THE 8TH
Salem Sledgehammers batting - Pitching for Saskatoon Smokin' Guns : RHP Artie Smith
Batting: RHB Miguel Rodríguez 0-0: Called Strike
0-1: Swinging Strike
0-2: Foul Ball, location: 2F
0-2: Strikes out looking
Batting: RHB Rickey Núńez 0-0: Ground out 6-3 (Groundball, 6)
Batting: RHB Rich Crabtree 0-0: Ball
1-0: Ball
2-0: Ground out 5-3 (Groundball, 56S)
Top of the 8th over - 0 runs, 0 hits, 0 errors, 0 left on base; Salem 2 - Saskatoon 0
BOTTOM OF THE 8TH
Saskatoon Smokin' Guns batting - Pitching for Salem Sledgehammers : LHP John Dyer
Batting: SHB Ramiro Medrano 0-0: Ball
1-0: Ball
2-0: Ball
3-0: Base on Balls
Pitching: RHP Carlos Rodríguez
Batting: LHB Bo Rush 0-0: Ball
1-0: Swinging Strike
1-1: SINGLE (Flyball, 89S)
Ramiro Medrano to second
Runner from 2nd tries for 3rd, SAFE, throw made to third
Batting: RHB Johnny Hawson 0-0: Called Strike
0-1: Foul Ball, location: 2F
0-2: Ball
1-2: Ball
2-2: Strikes out swinging
Batting: LHB José Domínguez 0-0: Called Strike
0-1: Ball
1-1: SINGLE (Flyball, 7LS)
Ramiro Medrano scores
Bo Rush to second
Batting: RHB Juan Cardenas 0-0: Foul Ball, location: 2F
0-1: Ball
1-1: Ball
2-1: Foul Ball, location: 2F
2-2: Ball
3-2: DOUBLE (Groundball, 3L)
Bo Rush scores
José Domínguez to third
Pinch Hitting: LHB Ben Donaldson 0-0: Intentional Walk
Batting: SHB Mathew Olson 0-0: Called Strike
0-1: Called Strike
0-2: Ball
1-2: Ball
2-2: Foul Ball, location: 2F
2-2: Ball
3-2: Strikes out swinging
Batting: LHB Rubén Salazar 0-0: Called Strike
0-1: Ball
Wild Pitch!
José Domínguez scores
Juan Cardenas to third
Ben Donaldson to second
1-1: Intentional Walk
Pitching: RHP Patrick Singleton
Batting: RHB António Martínez 0-0: Foul Ball, location: 2F
0-1: Swinging Strike
0-2: Ball
1-2: Reached on error, E5 (Groundball, 56S)
Juan Cardenas scores
Ben Donaldson to third
Rubén Salazar to second
Batting: SHB Ramiro Medrano 0-0: Called Strike
0-1: Ball
1-1: Foul Ball, location: 2F
1-2: Ball
2-2: Foul Ball, location: 2F
2-2: Ball
3-2: Fly out, F7 (Line Drive, 7LS)
Bottom of the 8th over - 4 runs, 3 hits, 1 error, 3 left on base; Salem 2 - Saskatoon 4
TOP OF THE 9TH
Salem Sledgehammers batting - Pitching for Saskatoon Smokin' Guns : RHP Artie Smith
Pitching: LHP Pedro González
Now at SS: Pedro Rodríguez
Batting: RHB Steve West 0-0: Ball
1-0: Ball
2-0: Foul Ball, location: 2F
2-1: Ball
3-1: Foul Ball, location: 2F
3-2: Foul Ball, location: 2F
3-2: Base on Balls
Batting: RHB Roberto Landavazo 0-0: Ball
1-0: Foul Ball, location: 2F
1-1: Ball
2-1: Called Strike
2-2: Strikes out swinging
Pinch Hitting: LHB Gary Cahill 0-0: Ball
1-0: Ball
2-0: Swinging Strike
2-1: Ball
3-1: Swinging Strike
3-2: Strikes out swinging
Steve West steals 2nd base
Batter strikes out.
Batting: RHB José González 0-0: Ball
1-0: Foul Ball, location: 2F
1-1: Called Strike
1-2: Foul Ball, location: 2F
1-2: Foul Ball, location: 2F
1-2: Ball
2-2: Foul Ball, location: 2F
2-2: Strikes out looking
Top of the 9th over - 0 runs, 0 hits, 0 errors, 1 left on base; Salem 2 - Saskatoon 4
Saturday, December 16th, 2017 - OOTP Baseball 18.8 Build 76